Staline vs Atomiques
(R1)
Created - November 12, 2018 at 19:26
Goals
|
| Staline |
1 |
3 |
2 |
6 |
| Atomiques |
0 |
0 |
0 |
0 |
|
Shots
|
| Staline |
11 |
17 |
6 |
34 |
| Atomiques |
14 |
3 |
7 |
24 |
|
1st period
1. Staline , Tyler Pitlick 8 (Cameron Gaunce 5, Alex Petrovic 2) at 11:31
Penalties :
Bobby Farnham (STB) for Hooking (Minor) at 3:04
2nd period
2. Staline , Danny Kristo 6 (Alex Petrovic 3, Andrew Hammond) at 6:43
3. Staline , Jason Akeson 12 (Lars Eller 15) at 9:30
4. Staline , Marek Zagrapan 1 (Jordan Szwarz 5, Jiri Sekac 3) at 10:29
Penalties :
Alex Petrovic (StJ) for Charging (Minor) at 3:14, Dalton Smith (STB) for Holding (Minor) at 11:35
3rd period
5. Staline , Jordan Szwarz 6 (Jiri Sekac 4, Mike Reilly 6) at 0:52
6. Staline , Lars Eller 4 (Jason Akeson 5, Nick Spaling 10) at 4:32
Penalties :
Colby Cohen (STB) for Hooking (Minor) at 7:20, Eric Mestery (STB) for Hooking (Minor) at 10:16, Bobby Farnham (STB) for Fighting (Major) at 13:21, Viktor Loov (StJ) for Fighting (Major) at 13:21, Corey Trivino (StJ) for Holding Stick (Minor) at 13:56
Goalie Stats
Andrew Hammond (StJ), 24 saves from 24 shots - (1.000), W, 4-2-1, 60:00 minutes
Jake Allen (STB), 28 saves from 34 shots - (0.824), L, 2-5-4, 60:00 minutes
Players Stats for Staline
Player Name G A P +/- PIM S H SB GA TA FO MP PP MP PK MP
------------------------------------------------------------------------------------
Alex Petrovic 0 2 2 3 2 1 1 0 0 0 0/0 27:04 4:04 1:04
Andrey Pedan 0 0 0 1 0 0 2 0 0 0 0/0 12:25 0:00 0:00
Bryan Bickell 0 0 0 1 0 0 3 0 0 0 0/0 17:08 3:44 1:24
Cameron Gaunce 0 1 1 3 0 2 0 1 0 0 0/0 27:35 4:04 1:54
Charles Hudon 0 0 0 0 0 2 2 0 0 0 0/0 8:38 0:00 0:00
Corey Trivino 0 0 0 1 2 2 3 0 0 0 1/4 16:29 3:42 0:57
Danny Kristo 1 0 1 0 0 2 2 1 1 0 2/3 9:54 0:00 1:16
Jason Akeson 1 1 2 3 0 4 1 1 0 0 1/1 21:36 4:12 1:58
Jiri Sekac 0 2 2 2 0 1 1 0 0 1 0/0 12:07 0:00 0:13
Jordan Szwarz 1 1 2 2 0 4 4 1 1 1 0/0 12:25 0:02 0:00
Lars Eller 1 1 2 3 0 3 1 1 2 0 16/23 20:01 4:12 0:23
Marek Zagrapan 1 0 1 2 0 5 1 1 0 0 4/7 12:46 0:02 0:18
Mike Reilly 0 1 1 2 0 3 1 1 0 1 0/0 20:11 3:52 2:04
Nick Spaling 0 1 1 3 0 3 3 0 0 0 1/1 19:38 4:12 0:00
Nikita Nesterov 0 0 0 1 0 0 0 0 0 0 0/0 13:43 0:00 1:45
Peter Holland 0 0 0 0 0 0 0 0 1 0 1/3 10:03 0:00 1:04
Tyler Pitlick 1 0 1 1 0 1 0 0 0 0 0/0 15:28 3:42 0:23
Viktor Loov 0 0 0 2 5 1 1 0 1 1 0/0 18:48 3:52 1:09
Players Stats for Atomiques
Player Name G A P +/- PIM S H SB GA TA FO MP PP MP PK MP
------------------------------------------------------------------------------------
Anthony Nigro 0 0 0 -4 0 1 0 1 0 0 0/1 13:59 1:50 0:00
Bobby Farnham 0 0 0 0 7 0 2 1 0 0 0/0 8:17 0:05 0:00
Brock McGinn 0 0 0 0 0 1 2 1 0 1 1/2 15:20 2:03 0:00
Colby Cohen 0 0 0 -1 2 1 1 0 0 0 0/0 14:43 1:11 0:00
Corey Tropp 0 0 0 -2 0 3 0 0 0 0 2/2 12:17 0:05 0:00
Dalton Smith 0 0 0 -2 2 2 1 0 1 1 0/0 14:17 0:05 1:28
Davis Drewiske 0 0 0 -3 0 5 2 0 0 0 0/0 22:22 0:22 4:15
Dwight King 0 0 0 -4 0 0 1 0 0 0 2/4 19:18 1:50 4:03
Eric Mestery 0 0 0 -1 2 1 1 1 0 1 0/0 18:04 1:35 2:51
Jack Skille 0 0 0 0 0 1 1 1 1 0 2/2 20:53 2:03 3:56
Jacob De La Rose 0 0 0 -2 0 0 0 1 0 0 1/6 11:04 0:00 0:00
Joseph Cramarossa 0 0 0 0 0 1 3 0 0 1 0/0 10:20 0:00 1:25
Lucas Wallmark 0 0 0 0 0 0 1 0 0 0 2/3 10:05 0:00 0:34
Matt Tennyson 0 0 0 -2 0 3 2 0 1 2 0/0 25:53 2:23 3:55
Rasmus Ristolainen 0 0 0 -2 0 0 1 0 1 0 0/0 23:19 2:25 4:01
Ryan Shannon 0 0 0 -4 0 3 1 0 0 0 0/1 16:57 1:50 2:13
Tyler Brenner 0 0 0 0 0 1 8 0 0 0 6/21 18:07 2:03 2:13
Wiley Sherman 0 0 0 -3 0 1 1 0 0 0 0/0 16:44 0:00 0:50
3 Stars
1 - Andrew Hammond (StJ)
2 - Jordan Szwarz (StJ)
3 - Lars Eller (StJ)
Power Play
Staline - 0 on 4 Attempt(s) - 0.00%
Atomiques - 0 on 2 Attempt(s) - 0.00%
Penalty Kill
Staline - 2 on 2 Attempt(s) - 100.00%
- Score 0 goal in Penalty Kill
Atomiques - 4 on 4 Attempt(s) - 100.00%
- Score 0 goal in Penalty Kill
Team Stat
Staline - Hits : 26 - Faceoff Wins : 26 - Blocked Shots : 7 - Penalty Minutes : 9
Atomiques - Hits : 28 - Faceoff Wins : 16 - Blocked Shots : 6 - Penalty Minutes : 13
Official
Referees : Unknown
Linesman : Unknown
Game Notes
Bobby Farnham beats up Viktor Loov at 13:21 of 3rd period
Finance
Level 1 -- Attendance: 1485 (74.25%) -- Ticket Income $59,400
Level 2 -- Attendance: 709 (70.90%) -- Ticket Income $14,180
Total Attendance: 2194 (73.13%)
Total Ticket Income: $73,580
Other Income: $3,679
Total Income: $77,259
Staline
5 vs 5 Forward
Center Left Wing Right Wing Time % Phy DF OF
1 Lars Eller Nick Spaling Jason Akeson 40 0 2 3
2 Corey Trivino Bryan Bickell Tyler Pitlick 30 0 2 3
3 Marek Zagrapan Jiri Sekac Jordan Szwarz 20 0 2 3
4 Peter Holland Charles Hudon Danny Kristo 10 1 3 1
5 vs 5 Defense
Defense Defense Time % Phy DF OF
1 Cameron Gaunce Alex Petrovic 40 0 3 2
2 Viktor Loov Mike Reilly 30 0 3 2
3 Andrey Pedan Nikita Nesterov 20 0 3 2
4 Cameron Gaunce Alex Petrovic 10 0 3 2
PowerPlay Forward
Center Left Wing Right Wing Time % Phy DF OF
1 Lars Eller Nick Spaling Jason Akeson 60 0 1 4
2 Corey Trivino Bryan Bickell Tyler Pitlick 40 0 1 4
PowerPlay Defense
Defense Defense Time % Phy DF OF
1 Cameron Gaunce Alex Petrovic 60 0 1 4
2 Viktor Loov Mike Reilly 40 0 1 4
Penalty Kill 4 Players Forward
Center Wing Time % Phy DF OF
1 Corey Trivino Jason Akeson 60 1 3 1
2 Lars Eller Tyler Pitlick 40 1 3 1
Penalty Kill 4 Players Defense
Defense Defense Time % Phy DF OF
1 Cameron Gaunce Alex Petrovic 60 1 3 1
2 Viktor Loov Mike Reilly 40 1 3 1
Penalty Kill - 3 Players Forward
Forward Time % Phy DF OF
1 Peter Holland 60 0 5 0
2 Lars Eller 40 0 5 0
Penalty Kill - 3 Players Defense
Defense Defense Time % Phy DF OF
1 Cameron Gaunce Alex Petrovic 60 0 5 0
2 Viktor Loov Mike Reilly 40 0 5 0
4 vs 4 Forward
Center Wing Time % Phy DF OF
1 Marek Zagrapan Jason Akeson 60 0 2 3
2 Lars Eller Tyler Pitlick 40 0 2 3
4 vs 4 Defense
Defense Defense Time % Phy DF OF
1 Cameron Gaunce Alex Petrovic 60 0 2 3
2 Viktor Loov Mike Reilly 40 0 2 3
Last Minutes Offensive
Center Left Wing Right Wing Defense Defense
Lars Eller Nick Spaling Jason Akeson Cameron Gaunce Alex Petrovic
Last Minutes Defensive
Center Left Wing Right Wing Defense Defense
Lars Eller Nick Spaling Jason Akeson Cameron Gaunce Alex Petrovic
Goaltenders
Starting : Andrew Hammond
Backup : Joni Ortio
Extra Forwards
Normal : Jordan Szwarz, Marek Zagrapan, Danny Kristo - PP : Jordan Szwarz, Marek Zagrapan - PK : Danny Kristo
Extra Defensemen
Normal : Andrey Pedan, Nikita Nesterov, Viktor Loov - PP : Andrey Pedan - PK : Nikita Nesterov, Viktor Loov
Penalty Shots
Nick Spaling, Jason Akeson, Lars Eller, Tyler Pitlick, Jordan Szwarz
Scratches
Tyler Lewington (Healthy), Tobias Lindberg (Healthy), Sergey Tolchinsky (Healthy), Barclay Goodrow (Healthy), David Musil (Healthy)
Philip Larsen (Strained Right Knee Injury), Darcy Kuemper (Healthy)
Atomiques
5 vs 5 Forward
Center Left Wing Right Wing Time % Phy DF OF
1 Tyler Brenner Brock McGinn Jack Skille 40 1 2 2
2 Anthony Nigro Dwight King Ryan Shannon 30 1 2 2
3 Jacob De La Rose Dalton Smith Corey Tropp 20 1 2 2
4 Lucas Wallmark Joseph Cramarossa Bobby Farnham 10 1 2 2
5 vs 5 Defense
Defense Defense Time % Phy DF OF
1 Matt Tennyson Rasmus Ristolainen 40 1 2 2
2 Davis Drewiske Wiley Sherman 30 1 2 2
3 Colby Cohen Eric Mestery 20 1 2 2
4 Matt Tennyson Rasmus Ristolainen 10 1 2 2
PowerPlay Forward
Center Left Wing Right Wing Time % Phy DF OF
1 Tyler Brenner Brock McGinn Jack Skille 60 1 2 2
2 Anthony Nigro Dwight King Ryan Shannon 40 1 2 2
PowerPlay Defense
Defense Defense Time % Phy DF OF
1 Matt Tennyson Rasmus Ristolainen 60 1 2 2
2 Rasmus Ristolainen Eric Mestery 40 1 2 2
Penalty Kill 4 Players Forward
Center Wing Time % Phy DF OF
1 Dwight King Jack Skille 60 1 2 2
2 Ryan Shannon Tyler Brenner 40 1 2 2
Penalty Kill 4 Players Defense
Defense Defense Time % Phy DF OF
1 Matt Tennyson Davis Drewiske 60 1 2 2
2 Rasmus Ristolainen Eric Mestery 40 1 2 2
Penalty Kill - 3 Players Forward
Forward Time % Phy DF OF
1 Dwight King 60 1 2 2
2 Jack Skille 40 1 2 2
Penalty Kill - 3 Players Defense
Defense Defense Time % Phy DF OF
1 Matt Tennyson Davis Drewiske 60 1 2 2
2 Rasmus Ristolainen Eric Mestery 40 1 2 2
4 vs 4 Forward
Center Wing Time % Phy DF OF
1 Dwight King Jack Skille 60 1 2 2
2 Ryan Shannon Tyler Brenner 40 1 2 2
4 vs 4 Defense
Defense Defense Time % Phy DF OF
1 Matt Tennyson Rasmus Ristolainen 60 1 2 2
2 Wiley Sherman Eric Mestery 40 1 2 2
Last Minutes Offensive
Center Left Wing Right Wing Defense Defense
Tyler Brenner Dwight King Jack Skille Rasmus Ristolainen Davis Drewiske
Last Minutes Defensive
Center Left Wing Right Wing Defense Defense
Tyler Brenner Dwight King Jack Skille Matt Tennyson Davis Drewiske
Goaltenders
Starting : Jake Allen
Backup : Jeff Frazee
Extra Forwards
Normal : Corey Tropp, Bobby Farnham, Dalton Smith - PP : Corey Tropp, Bobby Farnham - PK : Dalton Smith
Extra Defensemen
Normal : Colby Cohen, Wiley Sherman, Rasmus Ristolainen - PP : Colby Cohen - PK : Wiley Sherman, Rasmus Ristolainen
Penalty Shots
Dwight King, Jack Skille, Ryan Shannon, Tyler Brenner, Corey Tropp
Scratches
Rickard Rakell (Sprained Right Finger Injury), Mike Halmo (Healthy), Max McCormick (Healthy), Mitch Callahan (Healthy), John Draeger (Healthy)
Carl Dahlstrom (Healthy), Eric Gustafsson (Healthy), Francois Tremblay (Healthy)
% Time on Ice - Staline
Lines # - Real PCT - Wanted PCT - Time Play
Normal Forward
1 - 34% - 40% - 16:10
2 - 24% - 30% - 11:24
3 - 25% - 20% - 11:54
4 - 18% - 10% - 8:38
Normal Defense
1 - 34% - 40% - 16:13
2 - 33% - 30% - 15:49
3 - 23% - 20% - 11:07
4 - 10% - 10% - 4:57
PP Forward
1 - 53% - 60% - 4:12
2 - 47% - 40% - 3:44
PP Defense
1 - 51% - 60% - 4:04
2 - 49% - 40% - 3:52
PK Forward
1 - 90% - 60% - 3:35
2 - 10% - 40% - 0:23
PK Defense
1 - 48% - 60% - 1:54
2 - 52% - 40% - 2:04
PK3 Forward
1 - 0% - 60%
2 - 0% - 40%
PK3 Defense
1 - 0% - 60%
2 - 0% - 40%
44 Forward
1 - 0% - 60%
2 - 0% - 40%
44 Defense
1 - 0% - 60%
2 - 0% - 40%
Last Minute Offensive - 0:00
Last Minute Defensive - 0:00
Total
Forward - 60:00
Defense - 60:00
|
% Time on Ice - Atomiques
Lines # - Real PCT - Wanted PCT - Time Play
Normal Forward
1 - 32% - 40% - 15:24
2 - 26% - 30% - 12:43
3 - 23% - 20% - 11:04
4 - 19% - 10% - 8:55
Normal Defense
1 - 36% - 40% - 17:26
2 - 33% - 30% - 16:05
3 - 27% - 20% - 12:57
4 - 3% - 10% - 1:38
PP Forward
1 - 54% - 60% - 2:08
2 - 46% - 40% - 1:50
PP Defense
1 - 60% - 60% - 2:23
2 - 40% - 40% - 1:35
PK Forward
1 - 72% - 60% - 5:43
2 - 28% - 40% - 2:13
PK Defense
1 - 48% - 60% - 3:48
2 - 52% - 40% - 4:08
PK3 Forward
1 - 0% - 60%
2 - 0% - 40%
PK3 Defense
1 - 0% - 60%
2 - 0% - 40%
44 Forward
1 - 0% - 60%
2 - 0% - 40%
44 Defense
1 - 0% - 60%
2 - 0% - 40%
Last Minute Offensive - 0:00
Last Minute Defensive - 0:00
Total
Forward - 60:00
Defense - 60:00
|
Play by Play
1st period
0:01 of 1st period - Lars Eller wins face-off versus Tyler Brenner in neutral zone.
0:04 of 1st period - Snap shot by Nick Spaling.
0:04 of 1st period - Shot Blocked by Brock McGinn.
0:06 of 1st period - Slapshot by Jason Akeson.
0:06 of 1st period - Stopped by Jake Allen with a rebound.
0:33 of 1st period - Snap shot by Corey Trivino.
0:33 of 1st period - Stopped by Jake Allen without a rebound.
0:34 of 1st period - Marek Zagrapan wins face-off versus Jacob De La Rose in Atomiques zone.
0:39 of 1st period - Snap shot by Marek Zagrapan.
0:39 of 1st period - Stopped by Jake Allen with a rebound.
0:41 of 1st period - Wrist shot by Marek Zagrapan.
0:41 of 1st period - Shot Misses the Net.
0:43 of 1st period - Wrist shot by Marek Zagrapan.
0:43 of 1st period - Stopped by Jake Allen without a rebound.
0:44 of 1st period - Corey Tropp wins face-off versus Marek Zagrapan in Atomiques zone.
0:49 of 1st period - Snap shot by Corey Tropp.
0:49 of 1st period - Stopped by Andrew Hammond without a rebound.
0:50 of 1st period - Lucas Wallmark wins face-off versus Peter Holland in Staline zone.
1:43 of 1st period - Wrist shot by Nick Spaling.
1:43 of 1st period - Stopped by Jake Allen without a rebound.
1:44 of 1st period - Lars Eller wins face-off versus Jacob De La Rose in Atomiques zone.
2:52 of 1st period - Wrist shot by Jordan Szwarz.
2:52 of 1st period - Shot Misses the Net.
3:04 of 1st period - Minor Penalty to Bobby Farnham for Hooking.
3:05 of 1st period - Jack Skille wins face-off versus Lars Eller in Atomiques zone.
3:30 of 1st period - Corey Trivino is hit by Tyler Brenner and loses puck.
5:04 of 1st period - Penalty to Bobby Farnham is over, Bobby Farnham is back on ice.
5:16 of 1st period - Slapshot by Jordan Szwarz.
5:16 of 1st period - Deflect By Dwight King.
5:16 of 1st period - Stopped by Jake Allen without a rebound.
5:17 of 1st period - Marek Zagrapan wins face-off versus Jacob De La Rose in Atomiques zone.
5:22 of 1st period - Wrist shot by Marek Zagrapan.
5:22 of 1st period - Stopped by Jake Allen without a rebound.
5:23 of 1st period - Marek Zagrapan wins face-off versus Jacob De La Rose in Atomiques zone.
6:07 of 1st period - Icing by Nick Spaling.
6:08 of 1st period - Tyler Brenner wins face-off versus Peter Holland in Staline zone.
6:55 of 1st period - Snap shot by Corey Tropp.
6:55 of 1st period - Deflect By Cameron Gaunce.
6:55 of 1st period - Stopped by Andrew Hammond with a rebound.
7:29 of 1st period - Marek Zagrapan is hit by Joseph Cramarossa.
7:33 of 1st period - Lucas Wallmark is hit by Jordan Szwarz and loses puck.
7:40 of 1st period - Marek Zagrapan is hit by Lucas Wallmark and loses puck.
7:59 of 1st period - Lucas Wallmark is hit by Andrey Pedan and loses puck.
8:16 of 1st period - Jordan Szwarz is hit by Joseph Cramarossa and loses puck.
8:25 of 1st period - Slapshot by Matt Tennyson.
8:25 of 1st period - Deflect By Marek Zagrapan.
8:25 of 1st period - Stopped by Andrew Hammond without a rebound.
8:26 of 1st period - Lars Eller wins face-off versus Tyler Brenner in Staline zone.
8:26 of 1st period - Lars Eller is hit by Tyler Brenner.
9:18 of 1st period - Jacob De La Rose is hit by Danny Kristo and loses puck.
9:23 of 1st period - Slapshot by Cameron Gaunce.
9:23 of 1st period - Stopped by Jake Allen with a rebound.
9:25 of 1st period - Slapshot by Cameron Gaunce.
9:25 of 1st period - Stopped by Jake Allen with a rebound.
10:39 of 1st period - Lars Eller is hit by Tyler Brenner and loses puck.
11:01 of 1st period - Snap shot by Danny Kristo.
11:01 of 1st period - Shot Blocked by Bobby Farnham.
11:31 of 1st period - Slapshot by Cameron Gaunce.
11:31 of 1st period - Deflect By Tyler Pitlick.
11:31 of 1st period - Goal by Tyler Pitlick - Staline : 1 - Atomiques : 0.
11:32 of 1st period - Lars Eller wins face-off versus Brock McGinn in neutral zone.
11:59 of 1st period - Davis Drewiske is hit by Alex Petrovic.
12:25 of 1st period - Wiley Sherman is hit by Marek Zagrapan and loses puck.
12:36 of 1st period - Snap shot by Ryan Shannon.
12:36 of 1st period - Stopped by Andrew Hammond with a rebound.
12:38 of 1st period - Wrist shot by Dwight King.
12:38 of 1st period - Shot Blocked by Danny Kristo.
12:52 of 1st period - Wrist shot by Ryan Shannon.
12:52 of 1st period - Stopped by Andrew Hammond with a rebound.
12:54 of 1st period - Snap shot by Davis Drewiske.
12:54 of 1st period - Stopped by Andrew Hammond with a rebound.
12:56 of 1st period - Slapshot by Davis Drewiske.
12:56 of 1st period - Stopped by Andrew Hammond without a rebound.
12:57 of 1st period - Tyler Brenner wins face-off versus Lars Eller in Staline zone.
13:44 of 1st period - Wrist shot by Danny Kristo.
13:44 of 1st period - Shot Blocked by Jacob De La Rose.
14:27 of 1st period - Wrist shot by Joseph Cramarossa.
14:27 of 1st period - Stopped by Andrew Hammond with a rebound.
14:29 of 1st period - Slapshot by Eric Mestery.
14:29 of 1st period - Stopped by Andrew Hammond with a rebound.
15:17 of 1st period - Slapshot by Davis Drewiske.
15:17 of 1st period - Stopped by Andrew Hammond with a rebound.
15:27 of 1st period - Dalton Smith is hit by Jordan Szwarz and loses puck.
15:40 of 1st period - Viktor Loov is hit by Matt Tennyson and loses puck.
16:04 of 1st period - Matt Tennyson is hit by Lars Eller and loses puck.
16:35 of 1st period - Nick Spaling is hit by Davis Drewiske and loses puck.
17:09 of 1st period - Snap shot by Peter Holland.
17:09 of 1st period - Shot Blocked by Anthony Nigro.
17:15 of 1st period - Snap shot by Danny Kristo.
17:15 of 1st period - Stopped by Jake Allen with a rebound.
17:17 of 1st period - Snap shot by Peter Holland.
17:17 of 1st period - Shot Misses the Net.
17:51 of 1st period - Wrist shot by Tyler Brenner.
17:51 of 1st period - Stopped by Andrew Hammond with a rebound.
18:45 of 1st period - Peter Holland is hit by Rasmus Ristolainen and loses puck.
19:02 of 1st period - Slapshot by Davis Drewiske.
19:02 of 1st period - Stopped by Andrew Hammond with a rebound.
19:04 of 1st period - Snap shot by Brock McGinn.
19:04 of 1st period - Shot Blocked by Jason Akeson.
19:06 of 1st period - Snap shot by Wiley Sherman.
19:06 of 1st period - Stopped by Andrew Hammond with a rebound.
19:08 of 1st period - Slapshot by Davis Drewiske.
19:08 of 1st period - Stopped by Andrew Hammond with a rebound.
19:18 of 1st period - Jason Akeson is hit by Davis Drewiske and loses puck.
Goals for this period are 1 for Staline vs 0 for Atomiques.
Shots for this period are 11 for Staline vs 14 for Atomiques.
2nd period
0:01 of 2nd period - Lars Eller wins face-off versus Tyler Brenner in neutral zone.
1:10 of 2nd period - Slapshot by Dalton Smith.
1:10 of 2nd period - Stopped by Andrew Hammond without a rebound.
1:11 of 2nd period - Jacob De La Rose wins face-off versus Lars Eller in Staline zone.
1:16 of 2nd period - Wrist shot by Corey Tropp.
1:16 of 2nd period - Stopped by Andrew Hammond with a rebound.
1:18 of 2nd period - Snap shot by Jacob De La Rose.
1:18 of 2nd period - Shot Blocked by Lars Eller.
1:20 of 2nd period - Slapshot by Colby Cohen.
1:20 of 2nd period - Shot Blocked by Mike Reilly.
1:22 of 2nd period - Slapshot by Colby Cohen.
1:22 of 2nd period - Stopped by Andrew Hammond with a rebound.
1:36 of 2nd period - Corey Trivino is hit by Tyler Brenner and loses puck.
1:57 of 2nd period - Wrist shot by Jordan Szwarz.
1:57 of 2nd period - Stopped by Jake Allen with a rebound.
1:59 of 2nd period - Wrist shot by Marek Zagrapan.
1:59 of 2nd period - Shot Misses the Net.
2:01 of 2nd period - Wrist shot by Jordan Szwarz.
2:01 of 2nd period - Stopped by Jake Allen with a rebound.
2:05 of 2nd period - Snap shot by Jordan Szwarz.
2:05 of 2nd period - Deflect By Marek Zagrapan.
2:05 of 2nd period - Stopped by Jake Allen without a rebound.
2:06 of 2nd period - Lars Eller wins face-off versus Tyler Brenner in Atomiques zone.
3:04 of 2nd period - Dalton Smith is hit by Jordan Szwarz and loses puck.
3:14 of 2nd period - Minor Penalty to Alex Petrovic for Charging.
3:15 of 2nd period - Corey Trivino wins face-off versus Tyler Brenner in Staline zone.
5:14 of 2nd period - Penalty to Alex Petrovic is over, Alex Petrovic is back on ice.
5:40 of 2nd period - Nikita Nesterov is hit by Bobby Farnham and loses puck.
5:58 of 2nd period - Slapshot by Nick Spaling.
5:58 of 2nd period - Stopped by Jake Allen with a rebound.
6:43 of 2nd period - Slapshot by Danny Kristo.
6:43 of 2nd period - Goal by Danny Kristo - Staline : 2 - Atomiques : 0.
6:44 of 2nd period - Tyler Brenner wins face-off versus Lars Eller in neutral zone.
6:46 of 2nd period - Off-side.
6:47 of 2nd period - Lars Eller wins face-off versus Tyler Brenner in neutral zone.
6:51 of 2nd period - Icing by Matt Tennyson.
6:52 of 2nd period - Nick Spaling wins face-off versus Tyler Brenner in Atomiques zone.
6:59 of 2nd period - Snap shot by Lars Eller.
6:59 of 2nd period - Deflect By Rasmus Ristolainen.
6:59 of 2nd period - Shot Misses the Net.
6:59 of 2nd period - Puck is out of play.
7:00 of 2nd period - Jason Akeson wins face-off versus Tyler Brenner in Atomiques zone.
7:11 of 2nd period - Wrist shot by Lars Eller.
7:11 of 2nd period - Shot Misses the Net.
7:17 of 2nd period - Lars Eller is hit by Tyler Brenner and loses puck.
7:54 of 2nd period - Wrist shot by Lars Eller.
7:54 of 2nd period - Shot Misses the Net.
7:56 of 2nd period - Wrist shot by Lars Eller.
7:56 of 2nd period - Stopped by Jake Allen with a rebound.
8:02 of 2nd period - Slapshot by Lars Eller.
8:02 of 2nd period - Shot Misses the Net.
8:04 of 2nd period - Slapshot by Alex Petrovic.
8:04 of 2nd period - Stopped by Jake Allen without a rebound.
8:05 of 2nd period - Tyler Brenner wins face-off versus Corey Trivino in Atomiques zone.
8:54 of 2nd period - Slapshot by Eric Mestery.
8:54 of 2nd period - Shot Misses the Net.
8:57 of 2nd period - Icing by Viktor Loov.
8:58 of 2nd period - Danny Kristo wins face-off versus Tyler Brenner in Staline zone.
8:58 of 2nd period - Danny Kristo is hit by Brock McGinn.
9:04 of 2nd period - Slapshot by Mike Reilly.
9:04 of 2nd period - Shot Misses the Net.
9:06 of 2nd period - Slapshot by Mike Reilly.
9:06 of 2nd period - Stopped by Jake Allen with a rebound.
9:08 of 2nd period - Slapshot by Mike Reilly.
9:08 of 2nd period - Deflect By Charles Hudon.
9:08 of 2nd period - Stopped by Jake Allen with a rebound.
9:12 of 2nd period - Snap shot by Peter Holland.
9:12 of 2nd period - Shot Misses the Net.
9:14 of 2nd period - Snap shot by Mike Reilly.
9:14 of 2nd period - Shot Misses the Net.
9:18 of 2nd period - Wrist shot by Danny Kristo.
9:18 of 2nd period - Shot Misses the Net.
9:20 of 2nd period - Slapshot by Viktor Loov.
9:20 of 2nd period - Stopped by Jake Allen with a rebound.
9:22 of 2nd period - Slapshot by Charles Hudon.
9:22 of 2nd period - Stopped by Jake Allen with a rebound.
9:24 of 2nd period - Snap shot by Peter Holland.
9:24 of 2nd period - Shot Misses the Net.
9:26 of 2nd period - Snap shot by Mike Reilly.
9:26 of 2nd period - Deflect By Eric Mestery.
9:26 of 2nd period - Stopped by Jake Allen without a rebound.
9:27 of 2nd period - Lars Eller wins face-off versus Anthony Nigro in Atomiques zone.
9:30 of 2nd period - Snap shot by Jason Akeson.
9:30 of 2nd period - Goal by Jason Akeson - Staline : 3 - Atomiques : 0.
9:31 of 2nd period - Lars Eller wins face-off versus Tyler Brenner in neutral zone.
9:34 of 2nd period - Rasmus Ristolainen is hit by Nick Spaling and loses puck.
10:29 of 2nd period - Snap shot by Marek Zagrapan.
10:29 of 2nd period - Goal by Marek Zagrapan - Staline : 4 - Atomiques : 0.
10:30 of 2nd period - Tyler Brenner wins face-off versus Lars Eller in neutral zone.
11:04 of 2nd period - Dwight King is hit by Bryan Bickell and loses puck.
11:17 of 2nd period - Cameron Gaunce is hit by Wiley Sherman and loses puck.
11:24 of 2nd period - Alex Petrovic is hit by Dalton Smith and loses puck.
11:35 of 2nd period - Minor Penalty to Dalton Smith for Holding.
11:36 of 2nd period - Lars Eller wins face-off versus Dwight King in Atomiques zone.
12:08 of 2nd period - Dwight King is hit by Bryan Bickell and loses puck.
13:35 of 2nd period - Penalty to Dalton Smith is over, Dalton Smith is back on ice.
13:46 of 2nd period - Icing by Matt Tennyson.
13:47 of 2nd period - Marek Zagrapan wins face-off versus Ryan Shannon in Atomiques zone.
13:50 of 2nd period - Snap shot by Jiri Sekac.
13:50 of 2nd period - Shot Misses the Net.
15:14 of 2nd period - Wrist shot by Jiri Sekac.
15:14 of 2nd period - Stopped by Jake Allen without a rebound.
15:15 of 2nd period - Lucas Wallmark wins face-off versus Lars Eller in Atomiques zone.
15:15 of 2nd period - Lucas Wallmark is hit by Nick Spaling.
15:27 of 2nd period - Wrist shot by Jason Akeson.
15:27 of 2nd period - Shot Blocked by Eric Mestery.
15:29 of 2nd period - Snap shot by Lars Eller.
15:29 of 2nd period - Stopped by Jake Allen without a rebound.
15:30 of 2nd period - Brock McGinn wins face-off versus Corey Trivino in Atomiques zone.
15:39 of 2nd period - Wrist shot by Jack Skille.
15:39 of 2nd period - Shot Misses the Net.
16:05 of 2nd period - Cameron Gaunce is hit by Eric Mestery and loses puck.
16:27 of 2nd period - Alex Petrovic is hit by Matt Tennyson and loses puck.
16:38 of 2nd period - Matt Tennyson is hit by Andrey Pedan and loses puck.
18:28 of 2nd period - Ryan Shannon is hit by Nick Spaling and loses puck.
18:41 of 2nd period - Jacob De La Rose is hit by Charles Hudon and loses puck.
18:50 of 2nd period - Corey Tropp is hit by Danny Kristo and loses puck.
19:01 of 2nd period - Tyler Brenner is hit by Bryan Bickell and loses puck.
19:06 of 2nd period - Snap shot by Corey Trivino.
19:06 of 2nd period - Stopped by Jake Allen without a rebound.
19:07 of 2nd period - Lars Eller wins face-off versus Tyler Brenner in Atomiques zone.
19:15 of 2nd period - Lars Eller is hit by Tyler Brenner and loses puck.
Goals for this period are 3 for Staline vs 0 for Atomiques.
Shots for this period are 17 for Staline vs 3 for Atomiques.
3rd period
0:01 of 3rd period - Lars Eller wins face-off versus Tyler Brenner in neutral zone.
0:16 of 3rd period - Snap shot by Jack Skille.
0:16 of 3rd period - Stopped by Andrew Hammond with a rebound.
0:52 of 3rd period - Snap shot by Jordan Szwarz.
0:52 of 3rd period - Goal by Jordan Szwarz - Staline : 5 - Atomiques : 0.
0:53 of 3rd period - Lars Eller wins face-off versus Tyler Brenner in neutral zone.
1:24 of 3rd period - Snap shot by Ryan Shannon.
1:24 of 3rd period - Deflect By Alex Petrovic.
1:24 of 3rd period - Stopped by Andrew Hammond with a rebound.
1:26 of 3rd period - Slapshot by Matt Tennyson.
1:26 of 3rd period - Stopped by Andrew Hammond with a rebound.
1:28 of 3rd period - Snap shot by Anthony Nigro.
1:28 of 3rd period - Stopped by Andrew Hammond with a rebound.
1:46 of 3rd period - Slapshot by Rasmus Ristolainen.
1:46 of 3rd period - Shot Blocked by Jordan Szwarz.
1:48 of 3rd period - Snap shot by Corey Tropp.
1:48 of 3rd period - Shot Misses the Net.
3:02 of 3rd period - Cameron Gaunce is hit by Dwight King and loses puck.
4:02 of 3rd period - Wrist shot by Nick Spaling.
4:02 of 3rd period - Stopped by Jake Allen with a rebound.
4:18 of 3rd period - Snap shot by Jason Akeson.
4:18 of 3rd period - Stopped by Jake Allen with a rebound.
4:32 of 3rd period - Wrist shot by Jason Akeson.
4:32 of 3rd period - Deflect By Lars Eller.
4:32 of 3rd period - Goal by Lars Eller - Staline : 6 - Atomiques : 0.
4:33 of 3rd period - Jack Skille wins face-off versus Corey Trivino in neutral zone.
4:57 of 3rd period - Mike Reilly is hit by Tyler Brenner and loses puck.
5:33 of 3rd period - Snap shot by Bryan Bickell.
5:33 of 3rd period - Shot Misses the Net.
5:35 of 3rd period - Wrist shot by Bryan Bickell.
5:35 of 3rd period - Shot Misses the Net.
5:37 of 3rd period - Slapshot by Mike Reilly.
5:37 of 3rd period - Stopped by Jake Allen without a rebound.
5:38 of 3rd period - Corey Tropp wins face-off versus Marek Zagrapan in Atomiques zone.
6:05 of 3rd period - Peter Holland is hit by Bobby Farnham and loses puck.
7:20 of 3rd period - Minor Penalty to Colby Cohen for Hooking.
7:21 of 3rd period - Dwight King wins face-off versus Lars Eller in Atomiques zone.
7:21 of 3rd period - Dwight King is hit by Mike Reilly.
7:56 of 3rd period - Matt Tennyson is hit by Corey Trivino and loses puck.
9:20 of 3rd period - Penalty to Colby Cohen is over, Colby Cohen is back on ice.
9:21 of 3rd period - Corey Trivino is hit by Colby Cohen and loses puck.
9:39 of 3rd period - Snap shot by Dalton Smith.
9:39 of 3rd period - Stopped by Andrew Hammond with a rebound.
9:41 of 3rd period - Slapshot by Davis Drewiske.
9:41 of 3rd period - Shot Blocked by Marek Zagrapan.
9:59 of 3rd period - Slapshot by Matt Tennyson.
9:59 of 3rd period - Stopped by Andrew Hammond without a rebound.
10:00 of 3rd period - Peter Holland wins face-off versus Tyler Brenner in Staline zone.
10:00 of 3rd period - Peter Holland is hit by Brock McGinn.
10:10 of 3rd period - Colby Cohen is hit by Charles Hudon and loses puck.
10:16 of 3rd period - Minor Penalty to Eric Mestery for Hooking.
10:17 of 3rd period - Lars Eller wins face-off versus Dwight King in Atomiques zone.
11:28 of 3rd period - Lars Eller is hit by Ryan Shannon and loses puck.
12:16 of 3rd period - Penalty to Eric Mestery is over, Eric Mestery is back on ice.
12:20 of 3rd period - Matt Tennyson is hit by Viktor Loov and loses puck.
12:49 of 3rd period - Icing by Jack Skille.
12:50 of 3rd period - Dwight King wins face-off versus Marek Zagrapan in Atomiques zone.
12:50 of 3rd period - Dwight King is hit by Jiri Sekac.
13:06 of 3rd period - Snap shot by Jordan Szwarz.
13:06 of 3rd period - Shot Blocked by Jack Skille.
13:18 of 3rd period - Off-side.
13:19 of 3rd period - Lars Eller wins face-off versus Lucas Wallmark in neutral zone.
13:21 of 3rd period - Bobby Farnham beats up Viktor Loov.
13:21 of 3rd period - Penalty to Bobby Farnham for Fighting.
13:21 of 3rd period - Penalty to Viktor Loov for Fighting.
13:22 of 3rd period - Lars Eller wins face-off versus Jacob De La Rose in neutral zone.
13:25 of 3rd period - Slapshot by Jason Akeson.
13:25 of 3rd period - Stopped by Jake Allen with a rebound.
13:47 of 3rd period - Rasmus Ristolainen is hit by Corey Trivino and loses puck.
13:56 of 3rd period - Minor Penalty to Corey Trivino for Holding Stick.
13:57 of 3rd period - Tyler Brenner wins face-off versus Danny Kristo in Staline zone.
13:58 of 3rd period - Slapshot by Rasmus Ristolainen.
13:58 of 3rd period - Shot Blocked by Cameron Gaunce.
14:00 of 3rd period - Snap shot by Brock McGinn.
14:00 of 3rd period - Stopped by Andrew Hammond without a rebound.
14:01 of 3rd period - Danny Kristo wins face-off versus Tyler Brenner in Staline zone.
14:01 of 3rd period - Danny Kristo is hit by Tyler Brenner.
15:56 of 3rd period - Penalty to Corey Trivino is over, Corey Trivino is back on ice.
16:05 of 3rd period - Alex Petrovic is hit by Joseph Cramarossa and loses puck.
16:16 of 3rd period - Joseph Cramarossa is hit by Corey Trivino and loses puck.
16:29 of 3rd period - Corey Tropp is hit by Jason Akeson and loses puck.
16:42 of 3rd period - Corey Tropp is hit by Jordan Szwarz and loses puck.
18:37 of 3rd period - Wrist shot by Nick Spaling.
18:37 of 3rd period - Shot Misses the Net.
19:42 of 3rd period - Cameron Gaunce is hit by Jack Skille and loses puck.
Goals for this period are 2 for Staline vs 0 for Atomiques.
Shots for this period are 6 for Staline vs 7 for Atomiques.
Back to the Top